 Dungeon Crawl Stone Soup version 0.22-a0-558-gc224181 (webtiles) character file.

539 pk666 the Magician (level 7, -6/36 HPs)
             Began as a Deep Elf Fire Elementalist on June 27, 2018.
             Was a Follower of Vehumet.
             Mangled by a killer bee (7 damage)
             ... on level 4 of the Dungeon.
             The game lasted 00:10:58 (3441 turns).

pk666 the Magician (Deep Elf Fire Elementalist)     Turns: 3441, Time: 00:10:58

Health: -6/36      AC:  2    Str:  5    XL:     7   Next: 5%
Magic:  17/17      EV: 13    Int: 22    God:    Vehumet [*.....]
Gold:   112        SH:  0    Dex: 15    Spells: 8/17 levels left

rFire    + . .     SeeInvis .   l - staff of fire
rCold    . . .     Gourm    .   (no shield)
rNeg     . . .     Faith    .   a - +0 robe
rPois    .         Spirit   .   (no helmet)
rElec    .         Reflect  .   (no cloak)
rCorr    .         Harm     .   (no gloves)
MR       .....                  (no boots)
Stlth    ++........             (no amulet)
HPRegen  0.12/turn              (no ring)
MPRegen  0.15/turn              (no ring)

@: lethally poisoned (-6 -> -16)
A: no striking features
a: Renounce Religion


You were on level 4 of the Dungeon.
You worshipped Vehumet.
Vehumet was aware of your devotion.
You were not hungry.

You visited 1 branch of the dungeon, and saw 4 of its levels.

You collected 112 gold pieces.

Inventory:

Armour
 a - a +0 robe (worn)
Magical Staves
 l - an uncursed staff of fire (weapon)
Scrolls
 b - 5 scrolls of identify {unknown}
 d - a scroll of immolation {unknown}
 e - 2 scrolls of teleportation {unknown}
 f - 4 scrolls of remove curse {unknown}
 h - a scroll of blinking {unknown}
 i - 3 scrolls of enchant weapon {unknown}
 k - a scroll of amnesia {unknown}
 m - a scroll of magic mapping {unknown}
 o - 2 scrolls of fog {unknown}
 q - a scroll of noise {unknown}
Potions
 j - a potion of invisibility {unknown}
 n - a potion of brilliance {unknown}
 r - 2 potions of haste
 s - a potion of might {unknown}
Comestibles
 c - 4 rations


   Skills:
 - Level 2.4 Dodging
 - Level 2.4 Stealth
 + Level 5.8 Spellcasting
 + Level 5.5 Conjurations
 + Level 5.3 Fire Magic


You had 8 spell levels left.
You knew the following spells:

 Your Spells              Type           Power        Failure   Level  Hunger
a - Flame Tongue          Conj/Fire      #####        1%          1    None
c - Conjure Flame         Conj/Fire      #####...     3%          3    ##.....
z - Fireball              Conj/Fire      #####.....   26%         5    #####..

Your spell library contained the following spells:

 Spells                   Type           Power        Failure   Level  Hunger
 Throw Flame              Conj/Fire      #####.       1%          2    None
 Sticky Flame             Conj/Fire      #####...     10%         4    ####...
 Inner Flame              Hex/Fire       ####....     10%         3    ##.....


Dungeon Overview and Level Annotations

Branches:
Dungeon (4/15)
 Temple: D:4-7

Altars:
Fedhas
Makhleb
Nemelex Xobeh
Sif Muna
Vehumet
Yredelemnul
Zin
The Shining One


Message History

The killer bee is severely wounded.
The killer bee stings you!
You are poisoned.
The killer bee poisons you! The killer bee stings you!
Casting: Flame Tongue (safe; 1% risk of failure)
Confirm with . or Enter, or press ? or * to list all spells.
Aiming: Flame Tongue (safe; 1% risk of failure)
Press: ? - help, Shift-Dir - straight line, f/p - killer bee
Aim: a killer bee (severely wounded)
You feel a surge of power!
The flame tongue misses the killer bee.
You feel sick. The killer bee stings you!
* * * LOW HITPOINT WARNING * * *
The killer bee stings you.
* * * LOW HITPOINT WARNING * * *
You are more poisoned.
The killer bee poisons you!
It was a potion of magic.
Magic courses through your body.
* * * LOW HITPOINT WARNING * * *
You feel sick. The killer bee stings you!
You die...

######............#####
...#..###+#####'#.....#
................#.....#
................#.....#
................+.....#
..###..########+#.....#
..###..##...#....######
..+.........#....#
..#.........+...@#
..#.........#...y#
+###...##...#....#
..##...# #+##....#
..##...# #....#
..##...## #....#
...#....# #....#
...'....# #.%..#
..##+#### #....#


You could see a killer bee.

Vanquished Creatures
  Grinder (D:3)
  An ogre (D:4)
  A centaur skeleton (D:4)
  An orc priest (D:3)
  2 worker ants
  Robin (D:3)
  3 adders
  An ooze (D:2)
  2 dart slugs (D:1)
  8 leopard geckos
  5 orcs (D:3)
  6 bats
  6 giant cockroaches
  24 goblins
  11 hobgoblins
  2 jackals (D:3)
  A quokka (D:2)
  A frilled lizard (D:2)
  6 kobolds
  A leopard gecko skeleton (D:4)
  6 rats
90 creatures vanquished.

Vanquished Creatures (others)
  A worm (D:2)
  A kobold (D:2)
2 creatures vanquished.

Grand Total: 92 creatures vanquished

Notes
Turn   | Place    | Note
-------+----------+-------------------------------------------
     0 | D:1      | pk666 the Deep Elf Fire Elementalist began the quest for the Orb.
     0 | D:1      | Reached XP level 1. HP: 10/10 MP: 6/6
   159 | D:1      | Reached XP level 2. HP: 15/15 MP: 5/8
   532 | D:1      | Reached XP level 3. HP: 18/19 MP: 8/10
   652 | D:1      | Learned a level 3 spell: Conjure Flame
   754 | D:2      | Found a radiant altar of Vehumet.
   761 | D:2      | Became a worshipper of Vehumet
  1349 | D:2      | Found a glowing golden altar of the Shining One.
  1353 | D:2      | Reached XP level 4. HP: 24/24 MP: 6/11
  1354 | D:2      | Noticed an angel
  1382 | D:2      | Found a basalt altar of Yredelemnul.
  1389 | D:2      | Noticed a profane servitor
  1499 | D:3      | Noticed an orc warrior
  1816 | D:3      | Noticed Grinder
  1828 | D:3      | Paralysed by Grinder for 7 turns
  1839 | D:3      | Killed Grinder
  1839 | D:3      | Reached skill level 5 in Spellcasting
  1839 | D:3      | Reached XP level 5. HP: 22/28 MP: 0/14
  1839 | D:3      | Reached XP level 6. HP: 25/32 MP: 0/15
  1914 | D:2      | Learned a level 5 spell: Fireball
  1982 | D:3      | Reached skill level 5 in Conjurations
  2184 | D:3      | Reached * piety under Vehumet
  2184 | D:3      | Offered knowledge of Magic Dart by Vehumet.
  2325 | D:3      | Noticed Robin
  2408 | D:3      | Killed Robin
  2408 | D:3      | Reached skill level 5 in Fire Magic
  2990 | D:4      | Reached XP level 7. HP: 25/36 MP: 10/17
  3154 | D:4      | Found a glowing silver altar of Zin.
  3260 | D:4      | Found a deep blue altar of Sif Muna.
  3262 | D:4      | Found a sparkling altar of Nemelex Xobeh.
  3267 | D:4      | Found a burning altar of Makhleb.
  3267 | D:4      | Found a blossoming altar of Fedhas.
  3441 | D:4      | HP: 1/36 [poisoned by a killer bee]
  3441 | D:4      | Mangled by a killer bee

Vault maps used:
D:1:      erik_arrival_blinker_ship
D:2:      grunt_temple_overflow_holy_war, vehumet_crystals
D:3:      kennysheep_the_goblin_king, uniq_crazy_yiuf_cottage, uniq_robin,
          uniq_grinder
D:4:      grunt_temple_overflow_open, first_ration

Skill      XL: |  1  2  3  4  5  6 |
---------------+-------------------+-----
Conjurations   | 2 3 4 5 |  5.5
Fire Magic     | 4 5 |  5.3
Spellcasting   | 5 |  5.8
Dodging        | |  2.4
Stealth        | |  2.4

Action                   |  1- 3 |  4- 6 |  7- 9 || total
-------------------------+-------+-------+-------++-------
Melee: Staff             |       |     3 |       ||     3
 Cast: Flame Tongue      |    69 |    92 |    11 ||   172
       Conjure Flame     |       |     7 |       ||     7
  Use: Potion            |       |       |     1 ||     1
  Eat: Chunk             |     1 |     5 |     2 ||     8
Armor: Robe              |     3 |     7 |     1 ||    11
Dodge: Dodged            |    12 |    13 |     6 ||    31

Table legend:
 A = Spawn XP
 B = Non-spawn XP
 C = Spawn XP percentage of total XP
 D = Spawn monster count
 E = Non-spawn monster count
 F = Spawn count percentage of total count
 G = Total turns spent on level
                    A         B        C        D         E        F      G
               +---------+---------+-------+---------+---------+-------+---------
         Total |       0 |     771 |   0.0 |       0 |      90 |   0.0 |  3441
               +---------+---------+-------+---------+---------+-------+---------
           D:1 |       0 |      41 |   0.0 |       0 |      21 |   0.0 |   673
           D:2 |       0 |      71 |   0.0 |       0 |      24 |   0.0 |  1257
           D:3 |       0 |     457 |   0.0 |       0 |      40 |   0.0 |   922
           D:4 |       0 |     202 |   0.0 |       0 |       5 |   0.0 |   589
               +---------+---------+-------+---------+---------+-------+---------
